 Dungeon Crawl Stone Soup version 0.28.0-43-g3370ac3207 (webtiles) character file.

Game seed: 6261538630301606837

122 Ablot the Grasshopper (level 5, -5/43 HPs)
             Began as a Gnoll Warper on Mar 3, 2022.
             Killed from afar by Blork the orc (10 damage)
             ... with a magic dart
             ... on level 4 of the Dungeon.
             The game lasted 00:03:19 (2192 turns).

Ablot the Grasshopper (Gnoll Warper)                Turns: 2192, Time: 00:03:20

Health: -5/43      AC:  7    Str: 12    XL:     5   Next: 6%
Magic:  12/12      EV: 13    Int: 12    God:
Gold:   107        SH:  0    Dex: 12    Spells: 12/14 levels left

rFire   . . .      SeeInvis .   a - +0 trident
rCold   . . .      Faith    .   (no shield)
rNeg    . . .      Spirit   .   b - +0 leather armour
rPois   .          Reflect  .   (no helmet)
rElec   .          Harm     .   (no cloak)
rCorr   .          Rampage  .   (no gloves)
Will    .....                   (no boots)
Stlth   +.........              (no amulet)
HPRegen 0.14/turn               j - +4 ring of protection
MPRegen 0.13/turn               t - +4 ring of slaying

@: no status effects
A: fangs 1, strong nose, distributed training
a: no special abilities


You were on level 4 of the Dungeon.
You visited 1 branch of the dungeon, and saw 4 of its levels.

You collected 134 gold pieces.
You spent 27 gold pieces at shops.

Inventory:

Hand Weapons
 a - a +0 trident (weapon)
 f - a +0 hunting sling
Missiles
 d - 5 boomerangs of dispersal (quivered)
 m - 61 stones
 n - 16 arrows
 r - 19 bolts
 u - 14 sling bullets
Armour
 b - a +0 leather armour (worn)
Jewellery
 h - a ring of fire
 j - a +4 ring of protection (left hand)
 t - a +4 ring of slaying (right hand)
Wands
 x - a wand of flame (11)
Scrolls
 c - a scroll of blinking
 e - a scroll of noise {unknown}
 i - a scroll of brand weapon {unknown}
 k - 4 scrolls of identify {unknown}
 o - 2 scrolls of fog {unknown}
 s - a scroll of teleportation {unknown}
 w - a scroll of enchant armour {unknown}
 y - a scroll of acquirement {unknown}
Potions
 g - a potion of degeneration {unknown}
 l - 2 potions of cancellation {unknown}
 p - a potion of brilliance {unknown}
 q - a potion of heal wounds {unknown}
 v - a potion of magic {unknown}


   Skills:
 + Level 4.7 Fighting
 + Level 1.3 Short Blades
 + Level 1.3 Long Blades
 + Level 1.3 Axes
 + Level 1.3 Maces & Flails
 + Level 4.7 Polearms
 + Level 1.3 Staves
 + Level 1.3 Slings
 + Level 1.3 Bows
 + Level 1.3 Crossbows
 + Level 2.9 Throwing
 + Level 2.9 Armour
 + Level 4.7 Dodging
 + Level 1.3 Stealth
 + Level 1.3 Shields
 + Level 1.3 Unarmed Combat
 + Level 5.1 Spellcasting
 + Level 1.1 Conjurations
 + Level 1.1 Hexes
 + Level 1.1 Summonings
 + Level 1.1 Necromancy
 + Level 5.5 Translocations
 + Level 1.1 Transmutations
 + Level 1.1 Fire Magic
 + Level 1.1 Ice Magic
 + Level 1.1 Air Magic
 + Level 1.1 Earth Magic
 + Level 1.1 Poison Magic
 + Level 1.5 Invocations
 + Level 1.3 Evocations


You had 12 spell levels left.
You knew the following spells:

 Your Spells              Type           Power      Damage    Failure   Level
a - Blink                 Tloc           32%        N/A       4%          2

Your spell library contained the following spells:

 Spells                   Type           Power      Damage    Failure   Level
 Gell's Gravitas          Tloc           16%        N/A       8%          3
 Lesser Beckoning         Tloc           16%        N/A       8%          3
 Teleport Other           Tloc           16%        N/A       8%          3
 Manifold Assault         Tloc           16%        N/A       58%         5


Dungeon Overview and Level Annotations

Branches:
Dungeon (4/15)
 Temple: D:4-7

Altars:
Ashenzari

Shops:
D:2 =:=**

Annotations:
D:4 Blork the orc


Innate Abilities, Weirdness & Mutations

You have very sharp teeth.
Your uncanny sense of smell can sniff out nearby items.
Your experience applies equally to all skills.


Message History

You reach to attack!
You hit Blork the orc.
Blork the orc is lightly wounded.
Blork the orc closely misses you.
You reach to attack!
You closely miss Blork the orc.
Blork the orc is lightly wounded.
Blork the orc gestures at you while chanting.
The puff of frost hits you!
You reach to attack!
You puncture Blork the orc!
Blork the orc is moderately wounded.
Blork the orc zaps a wand.
The puff of flame hits you.
You reach to attack!
You puncture Blork the orc!
Blork the orc is heavily wounded.
Blork the orc closely misses you.
Blork the orc hits you from afar with a +0 halberd!
* * * LOW HITPOINT WARNING * * *
You are too injured to fight recklessly!
You are too injured to fight recklessly!
You are too injured to fight recklessly!
Reach: a) +0 trident
Press: ? - help, Dir - move target, f/p - Blork the orc
Aim: Blork the orc, wielding a +0 halberd, wearing a +0 robe and carrying a wand of flame (22) (heavily wounded, about 31% to evade your +0 trident)
You reach to attack!
You hit Blork the orc.
Blork the orc is heavily wounded.
Blork the orc zaps a wand.
The puff of flame hits you.
* * * LOW HITPOINT WARNING * * *
Aiming: Throw Flame
Press: ? - help, Shift-Dir - straight line, f/p - Blork the orc
Aim: Blork the orc, wielding a +0 halberd, wearing a +0 robe and carrying a wand of flame (21) (heavily wounded, 72% to hit)
The puff of flame hits Blork the orc.
Blork the orc is severely wounded.
Blork the orc casts a spell at you. The puff of frost hits you.
* * * LOW HITPOINT WARNING * * *
Aiming: Throw Flame
Press: ? - help, Shift-Dir - straight line, f/p - Blork the orc
Aim: Blork the orc, wielding a +0 halberd, wearing a +0 robe and carrying a wand of flame (21) (severely wounded, 72% to hit)
The puff of flame misses Blork the orc.
Blork the orc casts a spell at you. The magic dart hits you!
You die...

#.# #.#.# #.#.#
#.#.### #.#...
#.#..#
##.####.#..#
#......<#..#####
#######.@.......
#.#.......
#..#o......
#..#.>.....
#..#.#####.
#..... ##.#[# #.
.#


You could see Blork the orc.

Vanquished Creatures
  6 adders
  A worm (D:2)
  3 dart slugs
  4 orcs (D:3)
  5 endoplasms
  4 giant cockroaches
  3 goblins
  5 hobgoblins
  2 quokkas
  5 bats
  4 frilled lizards
  4 kobolds
  9 rats
55 creatures vanquished.

Notes
Turn   | Place    | Note
-------+----------+-------------------------------------------
     0 | D:1      | Ablot the Gnoll Warper began the quest for the Orb.
     0 | D:1      | Reached XP level 1. HP: 20/20 MP: 6/6
   142 | D:1      | Reached XP level 2. HP: 26/26 MP: 7/7
   145 | D:1      | Learned a level 2 spell: Blink
   599 | D:1      | Found a faded altar of an unknown god.
   789 | D:2      | Found Ymnosmet's Book Emporium.
   850 | D:2      | Reached XP level 3. HP: 31/31 MP: 9/9
   875 | D:2      | Reached skill level 5 in Spellcasting
   883 | D:2      | Found a broken altar of Ashenzari.
   982 | D:2      | Found Liaxuadi's Jewellery Emporium.
  1021 | D:2      | Reached skill level 1 in Invocations
  1068 | D:2      | Found Bauraor's Jewellery Boutique.
  1074 | D:2      | Found Munybb's Assorted Antiques.
  1082 | D:2      | Bought a scroll labelled CESOSCHUYGO for 27 gold pieces
  1259 | D:2      | Found Aziythir's General Store.
  1314 | D:2      | Reached skill level 1 in Short Blades
  1314 | D:2      | Reached skill level 1 in Long Blades
  1314 | D:2      | Reached skill level 1 in Axes
  1314 | D:2      | Reached skill level 1 in Maces & Flails
  1314 | D:2      | Reached skill level 1 in Staves
  1314 | D:2      | Reached skill level 1 in Slings
  1314 | D:2      | Reached skill level 1 in Bows
  1314 | D:2      | Reached skill level 1 in Crossbows
  1314 | D:2      | Reached skill level 1 in Stealth
  1314 | D:2      | Reached skill level 1 in Shields
  1314 | D:2      | Reached skill level 1 in Unarmed Combat
  1314 | D:2      | Reached skill level 1 in Evocations
  1314 | D:2      | Reached XP level 4. HP: 37/38 MP: 11/11
  1669 | D:3      | Reached skill level 1 in Conjurations
  1669 | D:3      | Reached skill level 1 in Hexes
  1669 | D:3      | Reached skill level 1 in Summonings
  1669 | D:3      | Reached skill level 1 in Necromancy
  1669 | D:3      | Reached skill level 1 in Transmutations
  1669 | D:3      | Reached skill level 1 in Fire Magic
  1669 | D:3      | Reached skill level 1 in Ice Magic
  1669 | D:3      | Reached skill level 1 in Air Magic
  1669 | D:3      | Reached skill level 1 in Earth Magic
  1669 | D:3      | Reached skill level 1 in Poison Magic
  2005 | D:3      | Reached XP level 5. HP: 41/43 MP: 12/12
  2184 | D:4      | Noticed Blork the orc
  2192 | D:4      | Killed from afar by Blork the orc

Illustrated notes

Levels and vault maps discovered:
D:1:      nzn_arrival_depleted_hourglass, layout_loops_ring,
          ebering_ecumenical_altar_webs
D:2:      layout_loops_ring, basic_altar, serial_shops, shop_fountains, shop,
          nicolae_shop_trees, shop_fountains, shop_statue,
          minmay_misc_feat_pillars
D:3:      layout_basic
D:4:      kennysheep_spiral_hall, layout_basic, hangedman_abyss_or_decor_passed,
          chequers_serial_rivers_marsh, uniq_blork_the_orc

Skill      XL: |  1  2  3  4 |
---------------+-------------+-----
Spellcasting   | 5 |  5.1
Invocations    | 1 |  1.5
Short Blades   | 1 |  1.3
Long Blades    | 1 |  1.3
Axes           | 1 |  1.3
Maces & Flails | 1 |  1.3
Staves         | 1 |  1.3
Slings         | 1 |  1.3
Bows           | 1 |  1.3
Crossbows      | 1 |  1.3
Stealth        | 1 |  1.3
Shields        | 1 |  1.3
Unarmed Combat | 1 |  1.3
Evocations     | 1 |  1.3
Conjurations   | 1 |  1.1
Hexes          | 1 |  1.1
Summonings     | 1 |  1.1
Necromancy     | 1 |  1.1
Transmutations | 1 |  1.1
Fire Magic     | 1 |  1.1
Ice Magic      | 1 |  1.1
Air Magic      | 1 |  1.1
Earth Magic    | 1 |  1.1
Poison Magic   | 1 |  1.1
Fighting       | |  4.7
Polearms       | |  4.7
Throwing       | |  2.9
Armour         | |  2.9
Dodging        | |  4.7
Translocations | |  5.5

Action                   |  1- 3 |  4- 6 || total
-------------------------+-------+-------++-------
Melee: Trident           |    86 |    57 ||   143
       Dagger            |     5 |       ||     5
       Bite              |     6 |     1 ||     7
       Punch             |     2 |       ||     2
Evoke: Wand              |       |     2 ||     2
 Stab: Sleeping          |     1 |     5 ||     6
Armor: Leather armour    |    22 |    11 ||    33
Dodge: Dodged            |    39 |    26 ||    65
